[Event "Team 45 45 League T73"]
[Site "Internet Chess Club"]
[Date "2017.07.02"]
[Round "3"]
[White "anishio"]
[Black "idjit"]
[Result "0-1"]
[WhiteElo "1544"]
[BlackElo "1646"]
[Opening "French: Tarrasch, Guimard variation"]
[ECO "C04"]
[Time "11:16:26"]
[TimeControl "2700+45"]

1. e4 e6 2. d4 d5 3. Nd2 Nc6 4. c3 Nf6 5. e5 Nd7 6. Bd3 Be7 7. Ndf3 O-O 8. Bf4
f6 9. Qc2 f5 10. h4 Na5 11. b4 Nc4 12. Qb3 b5 13. a4 c6 14. Ne2 a5 15. h5 axb4
16. cxb4 bxa4 17. Rxa4 Rxa4 18. Qxa4 Nb2 19. Qb3 Nxd3+ 20. Qxd3 Bxb4+ 21. Bd2
Qa5 22. Bxb4 Qxb4+ 23. Qd2 Qb5 24. O-O Ba6 25. Re1 c5 26. Nf4 Qb6 27. Rc1 c4 28.
Ng5 Re8 29. Qc3 Nf8 30. Rd1 h6 31. Nf3 Rb8 32. Ra1 Bc8 33. Nd2 Qb2 34. Qxb2 Rxb2
35. Nb1 Bd7 36. Nc3 Kf7 37. Ra7 Ke8 38. Ra8+ Ke7 39. Ra7 Kd8 40. Ra8+ Bc8 41.
Na4 Rb1+ 42. Kh2 Ra1 43. Nb6 Rxa8 44. Nxa8 Ba6 45. Nb6 c3 {White resigns} 0-1

[Event "Team 45 45 League T73"]
[Site "Internet Chess Club"]
[Date "2017.06.29"]
[Round "3"]
[White "bluesun"]
[Black "Insan996"]
[Result "1-0"]
[WhiteElo "1509"]
[BlackElo "1630"]
[Opening "Caro-Kann defense"]
[ECO "B15"]
[Time "19:37:20"]
[TimeControl "2700+45"]

1. e4 c6 2. d4 d5 3. Nd2 dxe4 4. Nxe4 Nf6 5. Nc3 Bg4 6. Be2 Bxe2 7. Ngxe2 e6 8.
O-O Be7 9. Ng3 O-O 10. Qd3 Nbd7 11. Nce2 Qc7 12. f4 g6 13. f5 exf5 14. Bf4 Bd6
15. Nxf5 gxf5 16. Qg3+ Kh8 17. Bxd6 Qa5 18. Bxf8 Rxf8 19. Qg5 Qb5 20. Ng3 Qxb2
21. Nxf5 Rg8 22. Qd2 Qb6 23. c3 Ne4 24. Qc2 Ndf6 25. Rae1 Re8 26. Nh6 Qc7 27.
Nxf7+ Qxf7 28. Rxe4 Rxe4 29. Qxe4 Qg7 30. Qe5 Nd5 31. Rf8# {Black checkmated}
1-0

[Event "Team 45 45 League T73"]
[Site "Internet Chess Club"]
[Date "2017.07.03"]
[Round "3"]
[White "Gilguli"]
[Black "MasterD"]
[Result "0-1"]
[WhiteElo "1412"]
[BlackElo "1528"]
[Opening "Sicilian defense"]
[ECO "B20"]
[Time "14:01:38"]
[TimeControl "2700+45"]

1. e4 c5 2. a3 Nc6 3. b4 b6 4. b5 Nd4 5. Nf3 Nxf3+ 6. Qxf3 Bb7 7. Bc4 Nf6 8. d3
e6 9. Bg5 Be7 10. Nc3 O-O 11. h4 h6 12. Qh3 d5 13. exd5 exd5 14. Bb3 Qd6 15.
O-O-O Rac8 16. Ne2 c4 17. dxc4 Qxa3+ 18. Kb1 dxc4 19. Bc1 Qb4 20. Nd4 cxb3 21.
c4 Be4+ 22. Kb2 Qa3+ 23. Kc3 Bb4# {White checkmated} 0-1

[Event "Team 45 45 League T73"]
[Site "Internet Chess Club"]
[Date "2017.07.01"]
[Round "3"]
[White "KnightmanAJ"]
[Black "tamky70"]
[Result "1/2-1/2"]
[WhiteElo "1430"]
[BlackElo "1317"]
[Opening "Alekhine's defense: exchange variation"]
[ECO "B03"]
[Time "10:01:14"]
[TimeControl "2700+45"]

1. e4 Nf6 2. e5 Nd5 3. d4 d6 4. c4 Nb6 5. exd6 cxd6 6. Nc3 g6 7. Be3 Bg7 8. Rc1
O-O 9. b3 e5 10. dxe5 dxe5 11. Qxd8 Rxd8 12. c5 N6d7 13. Bc4 Nc6 14. Nf3 Nf6 15.
O-O Bg4 16. Ng5 Rf8 17. h3 Bc8 18. Nd5 Nxd5 19. Bxd5 h6 20. Nf3 Nb4 21. Be4 Nc6
22. Bd5 Be6 23. Bxe6 fxe6 24. Rfe1 Rad8 25. Nh4 Kh7 26. Nf3 Rd5 27. Red1 Rfd8
28. Rxd5 exd5 29. g4 d4 30. Bd2 e4 31. Ne1 d3 32. f3 Nd4 33. Kf2 exf3 34. Nxf3
Nxf3 35. Kxf3 Rf8+ 36. Ke3 Rd8 37. Rf1 Rd7 38. Ke4 Rd4+ 39. Ke3 Rd7 40. Ke4 Rd4+
41. Ke3 Rd7 42. Ke4 Rd4+ 43. Ke3 {Game drawn by repetition} 1/2-1/2

[Event "Team 45 45 League T73"]
[Site "Internet Chess Club"]
[Date "2017.06.28"]
[Round "3"]
[White "rhayder"]
[Black "mattwang"]
[Result "0-1"]
[WhiteElo "1121"]
[BlackElo "1392"]
[Opening "Sicilian defense"]
[ECO "B33"]
[Time "21:16:23"]
[TimeControl "2700+45"]

1. e4 c5 2. Nf3 Nc6 3. d4 cxd4 4. Nxd4 Nf6 5. Nc3 e6 6. Be2 Bb4 7. Bd2 Nxd4 8.
e5 Nd5 9. Nxd5 Bxd2+ 10. Qxd2 Nxe2 11. Kxe2 exd5 12. Qxd5 O-O 13. Rhe1 Re8 14.
Kf1 b6 15. Qxa8 Ba6+ {White resigns} 0-1

[Event "Team 45 45 League T73"]
[Site "Internet Chess Club"]
[Date "2017.07.03"]
[Round "3"]
[White "clarinetref"]
[Black "QuieroAprender"]
[Result "0-1"]
[WhiteElo "1492"]
[BlackElo "1604"]
[Opening "Sicilian defense"]
[ECO "B30"]
[Time "20:15:36"]
[TimeControl "2700+45"]

1. e4 c5 2. Nf3 Nc6 3. c3 g6 4. d4 cxd4 5. cxd4 Bg7 6. Be3 d5 7. e5 Bg4 8. Be2
Bxf3 9. Bxf3 e6 10. Nc3 Qb6 11. Qd2 Na5 12. b3 Rc8 13. O-O Qb4 14. Rfc1 Ne7 15.
Qd3 Nf5 16. Nb5 Nc6 17. a3 Qe7 18. Bg4 Nxe3 19. Nd6+ Kd7 20. Nxc8 Kxc8 21. Qxe3
h5 22. Be2 Bh6 23. f4 g5 24. Bxh5 gxf4 25. Qf3 Kb8 26. Rd1 f6 27. exf6 Qxf6 28.
Qf2 Bg7 29. Bf3 Nxd4 30. Rab1 Qh6 31. h3 Nf5 32. Bg4 Ne3 33. Qe2 Nxd1 34. Rxd1
e5 35. Rxd5 Qb6+ 36. Kh2 Qxb3 37. Be6 Qg3+ 38. Kh1 Qxa3 39. Rxe5 Qa1+ 40. Kh2
Qxe5 41. Qc4 f3+ 42. g3 Qe2+ 43. Qxe2 fxe2 44. Bg4 e1=Q {White resigns} 0-1

[Event "Team 45 45 League T73"]
[Site "Internet Chess Club"]
[Date "2017.07.05"]
[Round "3"]
[White "pcvan"]
[Black "kutch"]
[Result "0-1"]
[WhiteElo "1398"]
[BlackElo "1492"]
[Opening "Giuoco Piano: LaBourdonnais variation"]
[ECO "C53"]
[Time "21:03:38"]
[TimeControl "2700+45"]

1. e4 e5 2. Nf3 Nc6 3. Bc4 Bc5 4. c3 d6 5. d4 exd4 6. cxd4 Bb6 7. Bb5 Bd7 8. Nc3
Nge7 9. O-O O-O 10. h3 h6 11. Re1 Ng6 12. Be3 a6 13. Ba4 Ba7 14. Qd2 b5 15. Bb3
Na5 16. Bxh6 Nxb3 17. axb3 gxh6 18. Qxh6 Qf6 19. Nd5 Qg7 20. Qg5 f6 21. Qh5 c6
22. Ne3 Nf4 23. Qh4 Nxh3+ 24. Kh2 Ng5 25. Rg1 Qh7 26. Qxh7+ Kxh7 27. Nxg5+ fxg5
28. f3 Bxd4 29. Nf5 Bxf5 30. Rgd1 Be5+ {White resigns} 0-1

[Event "Team 45 45 League T73"]
[Site "Internet Chess Club"]
[Date "2017.07.02"]
[Round "3"]
[White "sdcohle"]
[Black "drsigmund1"]
[Result "1-0"]
[WhiteElo "1444"]
[BlackElo "1402"]
[Opening "Queen's pawn: Keres defense"]
[ECO "A40"]
[Time "21:33:50"]
[TimeControl "2700+45"]

1. d4 e6 2. c4 b6 3. Nf3 Bb4+ 4. Bd2 Qe7 5. Nc3 Nf6 6. a3 Bxc3 7. Bxc3 Bb7 8. e3
d6 9. Be2 Ne4 10. Rc1 Nd7 11. O-O O-O 12. Qc2 Nxc3 13. Qxc3 f5 14. Rfd1 Be4 15.
d5 e5 16. Nd2 Qh4 17. f3 Rf6 18. fxe4 Rh6 19. h3 f4 20. Bf3 Qg3 21. Nf1 Qg6 22.
Kh1 Rf8 23. Rc2 Nf6 24. exf4 Ng4 25. f5 Qg5 26. Qd2 Qh4 27. Qe2 Nf6 28. Qf2 Qg5
29. Qg3 Qxg3 30. Nxg3 g5 31. Kg1 Rh4 32. Re1 h5 33. Rc3 Rf7 34. Bd1 g4 35. hxg4
hxg4 36. Kf2 Rfh7 37. Be2 Rh2 38. Rcc1 Nh5 39. Rh1 Rxh1 40. Rxh1 Nxg3 41. Rxh7
Nxe4+ 42. Ke3 {Black resigns} 1-0

[Event "Team 45 45 League T73"]
[Site "Internet Chess Club"]
[Date "2017.06.30"]
[Round "3"]
[White "Andaluz"]
[Black "Visin"]
[Result "1/2-1/2"]
[WhiteElo "1308"]
[BlackElo "1309"]
[Opening "Ruy Lopez: Steinitz defense deferred (Russian defense)"]
[ECO "C79"]
[Time "13:00:20"]
[TimeControl "2700+45"]

1. e4 e5 2. Nf3 Nc6 3. Bb5 a6 4. Ba4 Nf6 5. O-O d6 6. d3 Be7 7. Nbd2 O-O 8. c3
b5 9. Bb3 h6 10. h3 Nh7 11. d4 exd4 12. cxd4 Ng5 13. Nxg5 Bxg5 14. Nf3 Bf6 15.
Bf4 Bb7 16. Bd5 Rb8 17. a3 Ne7 18. Bxb7 Rxb7 19. Rc1 Ng6 20. Bg3 Re8 21. Re1 Qd7
22. Qc2 Be7 23. Qc6 Qxc6 24. Rxc6 a5 25. Rec1 Rc8 26. e5 dxe5 27. Nxe5 {Game
drawn by mutual agreement} 1/2-1/2

[Event "Team 45 45 League T73"]
[Site "Internet Chess Club"]
[Date "2017.07.04"]
[Round "3"]
[White "kllrchris"]
[Black "Bizzy-Ketty"]
[Result "1-0"]
[WhiteElo "1712"]
[BlackElo "1588"]
[Opening "Sicilian: Nimzovich-Rossolimo attack (without ...d6)"]
[ECO "B30"]
[Time "15:09:16"]
[TimeControl "2700+45"]

1. e4 c5 2. Nf3 Nc6 3. Bb5 e6 4. Bxc6 bxc6 5. d3 d5 6. c4 Nf6 7. Qe2 Be7 8. O-O
O-O 9. Nc3 Bb7 10. h3 Qc7 11. Bg5 Rfe8 12. Bh4 Rad8 13. Bg3 Qc8 14. Nh2 Ba6 15.
b3 Qb7 16. e5 Nd7 17. f4 Qb4 18. Be1 Qb7 19. g4 Qc7 20. g5 Rb8 21. Nd1 Nf8 22.
Nf2 Qd7 23. Rd1 Kh8 24. Nh1 Red8 25. Bf2 Qc7 26. h4 Nd7 27. Rde1 Nb6 28. Ng3 Rd7
29. f5 exf5 30. Nxf5 Qd8 31. Ng4 Bf8 32. e6 fxe6 33. Qxe6 Rc8 34. Bg3 dxc4 35.
dxc4 Rd2 36. Ne5 Rc7 37. Nf7+ Rxf7 38. Qxf7 Rd7 39. Nh6 {Black resigns} 1-0

[Event "Team 45 45 League T73"]
[Site "Internet Chess Club"]
[Date "2017.06.29"]
[Round "3"]
[White "EFXBT"]
[Black "WillC"]
[Result "0-1"]
[WhiteElo "1514"]
[BlackElo "1673"]
[Opening "King's Indian: 5.Nf3"]
[ECO "E90"]
[Time "15:01:25"]
[TimeControl "2700+45"]

1. d4 Nf6 2. c4 g6 3. Nc3 Bg7 4. e4 d6 5. Nf3 O-O 6. Bd3 b6 7. O-O Bb7 8. a3 a5
9. Bf4 Nbd7 10. b4 Re8 11. d5 Nh5 12. Bg3 Bxc3 13. Rc1 Bb2 14. Rb1 Bxa3 15. Qc1
Nxg3 16. hxg3 Bxc1 {White resigns} 0-1

[Event "Team 45 45 League T73"]
[Site "Internet Chess Club"]
[Date "2017.07.04"]
[Round "3"]
[White "Mitochondria"]
[Black "isaacdp"]
[Result "1-0"]
[WhiteElo "1581"]
[BlackElo "1457"]
[Opening "Nimzo-Indian: Sämisch variation"]
[ECO "E24"]
[Time "07:30:17"]
[TimeControl "2700+45"]

1. d4 Nf6 2. c4 e6 3. Nc3 Bb4 4. a3 Bxc3+ 5. bxc3 c5 6. Bg5 h6 7. Bh4 b6 8. Nf3
Bb7 9. e3 d6 10. Be2 Nbd7 11. O-O Qe7 12. Re1 e5 13. Nd2 O-O 14. Bd3 g5 15. Bg3
Ne8 16. d5 f5 17. f4 e4 18. Bc2 g4 19. Qb1 Ng7 20. Ba4 Rfd8 21. Rf1 Nf8 22. Qe1
Ng6 23. Bb5 h5 24. Nb3 Kf7 25. Nc1 h4 26. Bf2 Rh8 27. Ne2 Rh7 28. Qd1 Rah8 29.
h3 gxh3 30. gxh3 Rg8 31. Bc6 Nh8 32. Kh2 Bxc6 33. dxc6 Rc8 34. Qd5+ Qe6 35. Rg1
Ng6 36. Rg5 Ne7 37. Qxe6+ Nxe6 38. Rg2 Rxc6 39. a4 Rc8 40. a5 Rhh8 41. axb6 axb6
42. Ra6 Rb8 43. Rg1 Ng6 44. Ra7+ Kf6 45. Ra6 Rb7 46. Rb1 Rhb8 47. Nc1 Nc7 48.
Raa1 d5 49. cxd5 Nxd5 50. c4 Nde7 51. Na2 b5 52. cxb5 Rxb5 53. Rxb5 Rxb5 54. Nc3
Rb2 55. Ra6+ Kf7 56. Kg2 Rc2 57. Nb5 c4 58. Ra7 Nxf4+ 59. exf4 e3 60. Nd6+ Ke6
61. Nxc4 exf2 62. Ra6+ Kd5 63. Ne3+ Ke4 64. Nxc2 Nd5 65. Kxf2 Nxf4 66. Ra4+ Ke5
67. Ne3 Nxh3+ 68. Kf1 f4 69. Ng2 Kf5 70. Nxh4+ Kg4 71. Ng2 Kg3 72. Ne1 Ng5 73.
Ra5 Ne4 74. Ra3+ Kg4 75. Kg1 Ng5 76. Kg2 Ne4 77. Nf3 Ng3 78. Ra4 Nf5 79. Ne5+
Kg5 80. Nd3 Nh4+ 81. Kh3 Ng6 82. Ra5+ Kf6 83. Kg4 Nf8 84. Nxf4 Nd7 85. Nh5+ Ke7
86. Kf5 {Black resigns} 1-0

[Event "Team 45 45 League T73"]
[Site "Internet Chess Club"]
[Date "2017.06.30"]
[Round "3"]
[White "MasterD"]
[Black "Scorpius"]
[Result "0-1"]
[WhiteElo "1516"]
[BlackElo "1341"]
[Opening "Caro-Kann: classical, 6.h4"]
[ECO "B19"]
[Time "13:05:18"]
[TimeControl "2700+45"]

1. e4 c6 2. d4 d5 3. Nc3 dxe4 4. Nxe4 Bf5 5. Ng3 Bg6 6. h4 h6 7. Nf3 Nf6 8. Bf4
e6 9. Bd3 Bxd3 10. Qxd3 Nbd7 11. O-O-O Be7 12. Kb1 O-O 13. Ne4 Nxe4 14. Qxe4 Nf6
15. Qe2 Qb6 16. Ne5 Ba3 17. b3 Rfd8 18. Be3 Nd5 19. Qd2 Bb4 20. Qd3 Nc3+ 21. Kb2
Qa5 22. Ra1 Qa3# {White checkmated} 0-1

[Event "Team 45 45 League T73"]
[Site "Internet Chess Club"]
[Date "2017.07.04"]
[Round "3"]
[White "Elalfer"]
[Black "ascoli"]
[Result "0-1"]
[WhiteElo "1540"]
[BlackElo "1565"]
[Opening "King's Indian: Petrosian system, main line"]
[ECO "E93"]
[Time "12:00:48"]
[TimeControl "2700+45"]

1. d4 Nf6 2. c4 g6 3. Nf3 Bg7 4. Nc3 O-O 5. e4 d6 6. Be2 e5 7. d5 Nbd7 8. O-O
Nc5 9. Qc2 a5 10. h3 Nh5 11. Bg5 f6 12. Be3 f5 13. Nd2 f4 14. Bxc5 dxc5 15. Nb3
f3 16. Bxf3 Rxf3 17. gxf3 Bxh3 18. Ne2 Qg5+ 19. Kh2 Qg2# {White checkmated} 0-1

[Event "Team 45 45 League T73"]
[Site "Internet Chess Club"]
[Date "2017.06.30"]
[Round "3"]
[White "Portola"]
[Black "cayo89"]
[Result "1/2-1/2"]
[WhiteElo "1692"]
[BlackElo "1663"]
[Opening "Queen's pawn game, Darooha variation "]
[ECO "D02"]
[Time "18:10:35"]
[TimeControl "2700+45"]

1. d4 Nf6 2. Nf3 d5 3. c3 Bf5 4. Bg5 Nbd7 5. Nbd2 e6 6. e3 Be7 7. Be2 O-O 8. O-O
h6 9. Bh4 Re8 10. a3 c5 11. Bb5 a6 12. Bxd7 Nxd7 13. Bg3 c4 14. Re1 Nf6 15. Ne5
Rc8 16. b3 b5 17. b4 a5 18. Qf3 Rf8 19. h3 Qb6 20. Bh4 Rc7 21. Bg3 Ra7 22. Rec1
Ne4 23. Nxe4 Bxe4 24. Qd1 f6 25. Nf3 Rfa8 26. Nd2 Bd3 27. Kh2 Bd6 28. Bxd6 Qxd6+
29. Kg1 axb4 30. axb4 Ra2 31. Rxa2 Rxa2 32. Ra1 Qa6 33. Rxa2 Qxa2 34. Qc1 Kf7
35. Qe1 Qb2 36. Nf3 g5 37. Kh2 h5 38. Kg3 Kg6 39. Kh2 Be4 40. Kg1 Bxf3 41. gxf3
f5 42. Kg2 h4 43. e4 dxe4 44. fxe4 Qc2 45. exf5+ Qxf5 46. f3 Kf6 47. Qe2 Qf4 48.
Qf2 Qc1 49. Qe2 Qf4 50. Qf2 Qc1 51. Qe2 Qxc3 52. Qe5+ Kf7 53. Qxg5 Qxd4 54. Qh5+
Ke7 55. Qg5+ Kd7 56. Qxb5+ Ke7 57. Qg5+ Kd7 58. Qb5+ Kd6 59. Qb8+ Kd5 60. Qd8+
Ke5 61. Qh8+ Kd5 62. Qd8+ Ke5 63. Qh8+ Kd5 64. Qd8+ Ke5 {Game drawn by
repetition} 1/2-1/2

[Event "Team 45 45 League T73"]
[Site "Internet Chess Club"]
[Date "2017.07.02"]
[Round "3"]
[White "krysto"]
[Black "rubo"]
[Result "1-0"]
[WhiteElo "1601"]
[BlackElo "1553"]
[Opening "Budapest: Adler variation"]
[ECO "A52"]
[Time "21:00:45"]
[TimeControl "2700+45"]

1. d4 Nf6 2. c4 e5 3. dxe5 Ng4 4. Nf3 Nc6 5. e3 Bb4+ 6. Bd2 Bxd2+ 7. Nbxd2 Qe7
8. Be2 Ngxe5 9. a3 O-O 10. O-O d6 11. b4 a6 12. h3 Be6 13. Qc2 d5 14. Rac1 dxc4
15. Nxc4 Bxc4 16. Nxe5 Bxe2 17. Nxc6 bxc6 18. Qxe2 Qe6 19. Qc4 Rfe8 20. Qxc6
Qxc6 21. Rxc6 Ra7 22. Rfc1 Re7 23. a4 g6 24. R1c4 Kg7 25. e4 Rd7 26. g3 Re7 27.
Kg2 Rd7 28. R4c5 Rd4 29. Rc4 Rd7 30. g4 Re7 31. Kf3 f6 32. R4c5 Kf7 33. Ke3 Rd7
34. Rd5 Rxd5 35. exd5 Ke7 36. Kd4 Kf7 37. f4 Ke7 38. h4 Kf7 39. Kc5 Ke7 40. f5
gxf5 41. gxf5 h5 42. Re6+ Kf7 43. Kc6 Kg7 44. Re7+ Kg8 45. Rxc7 Ra8 46. Kd7 Kg7
47. Kc6+ Kg8 48. Kb7 Re8 49. Rc8 Kf7 50. Rxe8 Kxe8 51. Kc7 {Black resigns} 1-0

[Event "Team 45 45 League T73"]
[Site "Internet Chess Club"]
[Date "2017.06.30"]
[Round "3"]
[White "nosir"]
[Black "scostanzo212"]
[Result "1-0"]
[WhiteElo "1454"]
[BlackElo "1549"]
[Opening "Queen's bishop game"]
[ECO "D02"]
[Time "18:32:08"]
[TimeControl "2700+45"]

1. d4 d5 2. Nf3 Nf6 3. Bf4 c5 4. c3 Nc6 5. e3 Qb6 6. Qc1 Bf5 7. Nbd2 h6 8. h3 e6
9. Be2 Be7 10. O-O O-O 11. Bd1 cxd4 12. exd4 Rac8 13. Bc2 Bxc2 14. Qxc2 Nxd4 15.
Nxd4 Qxd4 16. Be3 Qe5 17. Bxa7 Bc5 18. Bxc5 Rxc5 19. Nf3 Qc7 20. Qe2 Ne4 21. Nd2
Nxd2 22. Qxd2 b5 23. Rfc1 Rc8 24. Rc2 b4 25. Rac1 bxc3 26. Rxc3 Qa5 27. a3 Rxc3
28. Rxc3 Rb8 29. Rc8+ Rxc8 30. Qxa5 Rc1+ 31. Kh2 {Black resigns} 1-0

[Event "Team 45 45 League T73"]
[Site "Internet Chess Club"]
[Date "2017.07.03"]
[Round "3"]
[White "cityprosecutor"]
[Black "Packerfan"]
[Result "1/2-1/2"]
[WhiteElo "1680"]
[BlackElo "1733"]
[Opening "Four knights: Belgrade gambit"]
[ECO "C47"]
[Time "10:03:51"]
[TimeControl "2700+45"]

1. e4 e5 2. Nf3 Nc6 3. Nc3 Nf6 4. d4 exd4 5. Nd5 Nxd5 6. exd5 Nb4 7. Bc4 Qe7+ 8.
Kd2 Qc5 9. Qe2+ Be7 10. Re1 O-O 11. a3 Nxc2 12. Kxc2 b5 13. Qxe7 Qxc4+ 14. Kb1
d6 15. Qe4 Bb7 16. Qxd4 Qb3 17. Re3 Qxd5 18. Qxd5 Bxd5 19. Bd2 Rfe8 20. Kc2 Be4+
21. Kc3 c5 22. b3 d5 23. Kb2 h6 24. Rae1 {Game drawn by mutual agreement}
1/2-1/2

[Event "Team 45 45 League T73"]
[Site "Internet Chess Club"]
[Date "2017.06.30"]
[Round "3"]
[White "harlyman"]
[Black "elessar"]
[Result "1-0"]
[WhiteElo "1534"]
[BlackElo "1626"]
[Opening "QGD Slav: Steiner variation"]
[ECO "D16"]
[Time "14:31:06"]
[TimeControl "2700+45"]

1. d4 d5 2. c4 c6 3. Nf3 Nf6 4. Nc3 dxc4 5. a4 Bg4 6. Ne5 Bh5 7. Nxc4 e6 8. Bg5
Bb4 9. f3 h6 10. Bh4 c5 11. dxc5 Qxd1+ 12. Rxd1 Nbd7 13. Nd6+ Ke7 14. Nxb7 Nxc5
15. Nxc5 Bxc5 16. e4 g5 17. Bf2 Bxf2+ 18. Kxf2 Nd7 19. Bb5 Ne5 20. Rd2 Rhd8 21.
Rhd1 Rxd2+ 22. Rxd2 Rd8 23. Rxd8 Kxd8 24. Be2 Bg6 25. b4 f6 26. Ke3 Nc6 27. b5
Ne7 28. Kd4 Kc7 29. Kc5 Nc8 30. a5 Be8 31. Bc4 Bd7 32. Na4 h5 33. b6+ axb6+ 34.
Nxb6 Nxb6 35. axb6+ Kb7 36. Kd6 Ba4 37. Kxe6 g4 38. Kxf6 gxf3 39. gxf3 Bd1 40.
f4 Kxb6 41. Kg7 Kc5 42. Bd5 Kd4 43. f5 h4 44. f6 Bh5 45. f7 Bxf7 46. Kxf7 Ke5
47. Kg6 {Black resigns} 1-0

[Event "Team 45 45 League T73"]
[Site "Internet Chess Club"]
[Date "2017.06.30"]
[Round "3"]
[White "Hal2001"]
[Black "tryanything"]
[Result "1-0"]
[WhiteElo "1629"]
[BlackElo "1559"]
[Opening "Two knights defense (Modern bishop's opening)"]
[ECO "C55"]
[Time "20:02:50"]
[TimeControl "2700+45"]

1. e4 Nc6 2. Nf3 e5 3. Bc4 Nf6 4. d3 d6 5. h3 Be7 6. c3 O-O 7. Bb3 h6 8. Be3 a5
9. Nbd2 b6 10. Qe2 Bb7 11. g4 Nh7 12. h4 a4 13. Bc2 Bc8 14. Ng1 Bxh4 15. Ngf3
Bxg4 16. O-O-O Bg5 17. Rdg1 Bxf3 18. Qxf3 Bxe3 19. Qxe3 Ng5 20. Nf1 f5 21. f4
exf4 22. Qxf4 Qf6 23. exf5 Ne5 24. Ne3 c6 25. d4 Nd7 26. Ng4 Qe7 27. Nxh6+ gxh6
28. Rxh6 Rf7 29. Qxg5+ Qxg5+ 30. Rxg5+ Rg7 31. Rxg7+ Kxg7 32. Rxd6 Nf6 33. Rxc6
{Black resigns} 1-0

[Event "Team 45 45 League T73"]
[Site "Internet Chess Club"]
[Date "2017.06.28"]
[Round "3"]
[White "kutch"]
[Black "Constrictor"]
[Result "1/2-1/2"]
[WhiteElo "1479"]
[BlackElo "1558"]
[Opening "QGD Slav defense"]
[ECO "D10"]
[Time "21:01:38"]
[TimeControl "2700+45"]

1. d4 c6 2. c4 d5 3. e3 Nf6 4. Nc3 Bf5 5. Nf3 e6 6. Be2 dxc4 7. Bxc4 Be7 8. h3
O-O 9. Nh4 Bg6 10. Nxg6 hxg6 11. O-O Nbd7 12. a3 c5 13. dxc5 Nxc5 14. b4 Nce4
15. Nxe4 Nxe4 16. Qf3 Nd6 17. Bb3 Bf6 18. Rb1 Qb6 19. Bb2 Bxb2 20. Rxb2 Rac8 21.
Qd1 Rfd8 22. Rc2 Rxc2 23. Qxc2 Rc8 24. Qd3 Nb5 25. Bc4 Nxa3 26. Bxe6 Qxe6 27.
Qxa3 a6 28. Rc1 Rxc1+ 29. Qxc1 Qb6 30. Qd2 Qc6 {Game drawn by mutual agreement}
1/2-1/2

[Event "Team 45 45 League T73"]
[Site "Internet Chess Club"]
[Date "2017.07.02"]
[Round "3"]
[White "calsal"]
[Black "LookImYourVader"]
[Result "0-1"]
[WhiteElo "1710"]
[BlackElo "1741"]
[Opening "two knights defense: Colman variation"]
[ECO "C58"]
[Time "15:30:56"]
[TimeControl "2700+45"]

1. e4 e5 2. Bc4 Nf6 3. Nf3 Nc6 4. Ng5 d5 5. exd5 Na5 6. Bb5+ c6 7. dxc6 bxc6 8.
Qf3 Rb8 9. Bd3 Bd6 10. O-O Bg4 11. Qg3 e4 12. Qe3 O-O 13. Nxe4 Re8 14. f3 Nxe4
15. Bxe4 Qh4 16. g3 Bxg3 17. Qe2 Rxe4 18. Qg2 Bxf3 19. Rxf3 Re1+ 20. Rf1 Bxh2+
{White resigns} 0-1

[Event "Team 45 45 League T73"]
[Site "Internet Chess Club"]
[Date "2017.07.01"]
[Round "3"]
[White "Duguesclin"]
[Black "Yedixon"]
[Result "0-1"]
[WhiteElo "1532"]
[BlackElo "1725"]
[Opening "QGD: Chigorin defense"]
[ECO "D07"]
[Time "13:12:44"]
[TimeControl "2700+45"]

1. d4 d5 2. c4 Nc6 3. Nf3 Bg4 4. e3 e5 5. Be2 e4 6. Nfd2 Bxe2 7. Qxe2 Nb4 8. O-O
Nc2 9. Nxe4 Nxa1 10. cxd5 Qxd5 11. Nbc3 Qc6 12. b3 Bb4 13. Bb2 Bxc3 14. Nxc3
Nxb3 15. axb3 Nf6 16. Qb5 Qxb5 17. Nxb5 Kd7 18. Rc1 c6 19. Nc3 Rhc8 20. e4 Re8
21. f3 g6 22. Na4 b6 23. d5 Ng8 24. dxc6+ Kc7 25. b4 Re6 26. b5 Ne7 27. Nc3 a6
28. Kf2 axb5 29. Nxb5+ Kc8 30. Ba3 Rxc6 31. Rxc6+ Nxc6 32. Bc1 Kd7 33. Be3 Ne5
34. Bxb6 Rb8 35. Bd4 Rxb5 36. f4 Nc6 37. Bf6 Ke6 38. e5 Ne7 39. Bg7 Nf5 40. Bf6
Rb2+ 41. Kf3 Nd4+ 42. Ke4 Nb5 43. Kf3 Nc7 44. g4 Rxh2 45. Bd8 Nd5 46. Kg3 Rb2
47. Bg5 Rb3+ 48. Kh4 Rf3 {White resigns} 0-1

[Event "Team 45 45 League T73"]
[Site "Internet Chess Club"]
[Date "2017.07.04"]
[Round "3"]
[White "KidRattler"]
[Black "filmdirector"]
[Result "1-0"]
[WhiteElo "1661"]
[BlackElo "1698"]
[Opening "Danish gambit"]
[ECO "C21"]
[Time "10:31:18"]
[TimeControl "2700+45"]

1. e4 e5 2. d4 exd4 3. c3 d3 4. Nf3 Bc5 5. Bxd3 d6 6. Bg5 Ne7 7. O-O h6 8. Bh4
Nbc6 9. Nbd2 g5 10. Bg3 Ng6 11. Re1 O-O 12. Bc2 Qf6 13. e5 dxe5 14. Ne4 Qe7 15.
Qd5 Bd6 16. Rad1 Be6 17. Qb5 Rab8 18. c4 a6 19. Qa4 b5 20. Qb3 bxc4 21. Qe3 Rxb2
22. Ba4 Nb4 23. Qc3 Rxa2 24. Nxd6 Rxa4 25. Nxe5 Nxe5 26. Bxe5 Nd3 27. Re3 cxd6
28. Bg7 Ra2 29. Bxh6 Rb8 30. Qg7# {Black checkmated} 1-0

[Event "Team 45 45 League T73"]
[Site "Internet Chess Club"]
[Date "2017.07.02"]
[Round "3"]
[White "vic20gt"]
[Black "mongmong"]
[Result "0-1"]
[WhiteElo "1290"]
[BlackElo "1512"]
[Opening "French: exchange variation"]
[ECO "C01"]
[Time "11:27:21"]
[TimeControl "2700+45"]

1. d4 e6 2. e4 d5 3. exd5 exd5 4. c4 Nf6 5. Bg5 Be7 6. Nc3 c6 7. Nf3 O-O 8. Bd3
Bg4 9. O-O dxc4 10. Bxc4 Nbd7 11. Qd3 Nb6 12. Ne5 Bh5 13. Bb3 Nbd5 14. Rfe1 Re8
15. Ne4 Nxe4 16. Bxe7 Rxe7 17. Rxe4 f6 18. Nf3 Bg6 19. Rae1 Bxe4 20. Rxe4 Rxe4
21. Qxe4 Qd7 22. Bxd5+ cxd5 23. Qd3 Re8 24. Kf1 a6 25. Nd2 Qe6 26. Nf3 Rc8 27.
Qe3 Qxe3 28. fxe3 Rc2 29. b4 Rxa2 30. Ne1 Ra1 31. Ke2 Kf7 32. Nc2 Rg1 33. Kf3
Rc1 34. Na3 Rc3 35. Nb1 Rb3 36. Nd2 Rxb4 37. Kf4 a5 38. h4 a4 39. g4 a3 40. h5
a2 41. h6 g6 42. g5 a1=Q 43. gxf6 Qc1 44. Ke5 Qxd2 45. Kxd5 Qxe3 46. Kc5 Qxd4#
{White checkmated} 0-1

[Event "Team 45 45 League T73"]
[Site "Internet Chess Club"]
[Date "2017.07.04"]
[Round "3"]
[White "Pawnchain"]
[Black "GrandUnified"]
[Result "0-1"]
[WhiteElo "1431"]
[BlackElo "1586"]
[Opening "Sicilian: Smith-Morra gambit"]
[ECO "B21"]
[Time "09:03:35"]
[TimeControl "2700+45"]

1. e4 c5 2. d4 cxd4 3. c3 dxc3 4. Nxc3 d6 5. Bc4 Nc6 6. Nf3 e6 7. O-O Nf6 8. Qe2
Be7 9. Rd1 Qa5 10. Nb5 O-O 11. Bd2 Qd8 12. Bc3 d5 13. exd5 Nxd5 14. Bd3 a6 15.
Nbd4 Nxd4 16. Nxd4 Nxc3 17. bxc3 Bf6 18. Rac1 Qc7 19. Qe4 g6 20. Ne2 {White
resigns} 0-1

[Event "Team 45 45 League T73"]
[Site "Internet Chess Club"]
[Date "2017.07.01"]
[Round "3"]
[White "MartyJR"]
[Black "liujf"]
[Result "0-1"]
[WhiteElo "1435"]
[BlackElo "1636"]
[Opening "Queen's pawn: London system"]
[ECO "A45"]
[Time "18:02:34"]
[TimeControl "2700+45"]

1. d4 Nf6 2. Bf4 g6 3. e3 Bg7 4. Nf3 d5 5. h3 O-O 6. c3 c5 7. Bd3 Nc6 8. Nbd2
Nd7 9. O-O e5 10. dxe5 Ndxe5 11. Bc2 b6 12. Nxe5 Nxe5 13. Nf3 Nc4 14. Rb1 Bb7
15. Bd3 Re8 16. Re1 Nd6 17. Qc2 Qf6 18. Bg5 Qe6 19. Bf4 Re7 20. Ng5 Qd7 21. Be2
Rae8 22. Bxd6 Qxd6 23. Bb5 Rc8 24. Qa4 c4 25. Qd1 Qc5 26. Ba4 b5 27. Bc2 d4 28.
Qg4 dxe3 29. fxe3 Rxe3 30. Rxe3 Qxe3+ 31. Kh1 h5 32. Qh4 Bf6 33. Qe1 Qxg5 34.
Qe2 Qg3 35. Rf1 Qxh3+ 36. Kg1 Qh4 37. Rd1 Bd8 38. Qe8+ Kg7 39. Qe5+ f6 40. Qe2
Bb6+ 41. Kf1 Qh1# {White checkmated} 0-1